Map: Tropical Sacrifice

Players

TBSS

  • Race: Terran Terran
  • League: Diamond
  • Spawn Location: 7:00

Cursed - Winner!

  • Race: Zerg Zerg
  • League: Diamond
  • Spawn Location: 1:00

VOD

Have the link to the VOD?

Description

Time

  • Played on: Sept. 12, 2022, 3:17 a.m.
  • Length: 23:48
Show
View Real Time Build Order
Export as new Build Order

TBSS Terran 

Build Orders: Command Center First (CC) 

Get SALT Encoding   

  12  0:00  SCV  
  13  0:12  SCV  
  14  0:19  Supply Depot  
  14  0:25  SCV  
  15  0:40  SCV  
  16  0:52  SCV  
  17  1:04  Command Center  
  17  1:11  Barracks  
  17  1:14  SCV  
  18  1:26  SCV  
  18  1:28  Refinery  
  18  1:29  Refinery  
  19  1:39  SCV  
  20  1:51  SCV  
  21  1:59  Marine  
  22  2:02  Barracks  
  22  2:06  Orbital Command  
  22  2:16  Orbital Command  
  22  2:28  Factory  
  22  2:31  Barracks Reactor  
  22  2:36  SCV  
  22  2:48  SCV  
  22  2:50  Barracks Tech Lab  
  23  2:52  SCV  
  24  3:00  SCV  
  24  3:04  SCV  
  26  3:07  Marine x2  
  28  3:13  Stimpack  
  28  3:15  Marine  
  28  3:17  Widow Mine  
  31  3:21  SCV  
  32  3:32  SCV  
  32  3:33  SCV  
  34  3:34  Marine  
  34  3:38  Command Center  
  35  3:44  SCV  
  35  3:45  SCV  
  37  3:51  Supply Depot  
  37  3:56  SCV  
  38  4:06  Supply Depot  
  38  4:12  SCV x2, Marine x3  
  38  4:13  Starport  
  38  4:16  Supply Depot  
  43  4:24  SCV x2  
  43  4:25  Engineering Bay  
  43  4:27  Engineering Bay  
  43  4:28  Widow Mine  
  47  4:33  Supply Depot  
  47  4:37  Marine x2  
  49  4:42  SCV x2  
  51  4:46  Supply Depot  
  51  4:53  Concussive Shells  
  51  4:54  SCV x2  
  51  4:58  Factory Reactor  
  52  5:00  Marauder, Marine x2  
  52  5:01  Medivac  
  52  5:05  Refinery  
  52  5:06  SCV  
  60  5:12  Refinery  
  59  5:16  SCV  
  59  5:17  Marine  
  59  5:18  Orbital Command  
  61  5:23  SCV  
  61  5:24  Marine x2  
  65  5:28  SCV  
  65  5:31  Terran Infantry Weapons Level 1, Terran Infantry Armor Level 1  
  65  5:35  SCV, Marine  
  66  5:38  Starport Reactor, Combat Shield  
  66  5:41  Marine  
  68  5:44  SCV, Orbital Command  
  69  5:54  Marine x2  
  69  5:56  SCV x2  
  75  5:57  Widow Mine  
  75  5:59  Marine  
  75  6:01  Barracks  
  76  6:08  SCV x2  
  78  6:11  SCV  
  78  6:12  Marine  
  78  6:13  Marauder  
  78  6:16  Medivac  
  84  6:20  SCV x2, Marine  
  84  6:22  Barracks  
  84  6:23  Barracks  
  87  6:28  Widow Mine  
  87  6:30  Marine  
  90  6:33  Marine, Medivac  
  93  6:47  Supply Depot  
  93  6:51  Armory  
  93  6:52  Supply Depot  
  93  7:09  Widow Mine x2, Marauder, SCV x2  
  93  7:10  Supply Depot  
  93  7:13  Marine  
  93  7:14  Medivac x2, SCV, Marine  
  108  7:20  Barracks Tech Lab  
  108  7:21  Barracks Tech Lab, SCV  
  108  7:22  Factory  
  109  7:24  SCV, Barracks Reactor  
  109  7:31  Marine x2  
  109  7:32  Marauder, SCV  
  109  7:33  SCV  
  117  7:37  SCV  
  117  7:41  Supply Depot  
  117  7:42  Supply Depot x2  
  117  7:44  SCV  
  117  7:45  Factory Tech Lab  
  117  7:51  Marine x2  
  117  7:55  Marauder, Marine x2  
  115  8:03  Marine x2  
  115  8:05  Widow Mine, Medivac  
  118  8:09  Marine x2  
  118  8:11  Medivac  
  120  8:13  Marauder x2, SCV x3  
  120  8:16  Marine  
  120  8:17  Supply Depot  
  128  8:20  Supply Depot  
  128  8:22  Terran Infantry Weapons Level 2, Terran Infantry Armor Level 2  
  128  8:23  Supply Depot  
  128  8:25  SCV  
  128  8:26  Refinery, Marine x2  
  131  8:27  Refinery  
  115  8:34  Marauder  
  115  8:35  Medivac  
  115  8:41  Supply Depot  
  109  8:43  Supply Depot  
  97  8:56  Marine  
  97  8:57  Marauder x2, Marine x3  
  97  8:58  Siege Tank, Marauder  
  97  9:01  Factory Tech Lab, Supply Depot  
  108  9:06  Supply Depot x2  
  107  9:10  Supply Depot  
  107  9:14  Marine x2  
  109  9:20  Marauder, Marine x3  
  114  9:27  Orbital Command  
  114  9:30  Siege Tank  
  113  9:34  Marine x3  
  113  9:37  Marine  
  119  9:38  Marauder  
  119  9:47  Siege Tank  
  119  9:48  Supply Depot  
  122  10:02  Widow Mine, SCV x3  
  122  10:03  Marine x3  
  122  10:06  Marauder  
  132  10:14  SCV  
  132  10:16  SCV x2  
  132  10:17  Marauder, Marine x2  
  132  10:20  Supply Depot  
  139  10:23  Siege Tank  
  142  10:35  Orbital Command  
  132  10:56  Marine x2  
  136  10:57  Siege Tank x2, Marauder  
  136  11:00  SCV  
  136  11:01  SCV x2  
  145  11:05  Supply Depot  
  145  11:07  Supply Depot, Marine  
  146  11:22  Supply Depot  
  146  11:25  Marine x4  
  148  11:26  Marauder x3  
  148  11:27  SCV x2  
  148  11:28  Refinery  
  148  11:29  Siege Tank x2  
  148  11:31  Supply Depot  
  164  11:43  Marine x2  
  164  11:47  Marauder x2, Marine x3  
  164  11:51  SCV x3  
  173  11:59  Refinery  
  173  12:01  Siege Tank, Marine x2  
  174  12:02  Siege Tank  
  174  12:04  Marine  
  174  12:08  Command Center  
  175  12:18  Terran Infantry Armor Level 3, Terran Infantry Weapons Level 3  
  175  12:20  Factory  
  175  12:32  SCV  
  175  12:35  SCV, Marine  
  175  12:36  Marauder x2, Marine x3  
  188  12:37  Siege Tank  
  188  12:44  Marine  
  188  12:48  Liberator, Medivac  
  184  12:53  Marine  
  184  12:56  Marine x2  
  184  12:57  Marine x2  
  189  13:03  Missile Turret x2  
  189  13:07  Marauder, Missile Turret, Marine  
  183  13:13  Missile Turret  
  174  13:42  Missile Turret  
  174  13:51  Marine  
  174  13:52  Marauder x2, Marine x2  
  174  13:53  Siege Tank x2, Medivac  
  174  13:55  Marauder, Marine  
  192  13:58  Planetary Fortress  
  190  14:09  Marine  
  186  14:24  Marine  
  186  14:26  Siege Tank x2  
  193  14:43  Marine  
  193  14:44  Marauder x2, Marine  
  170  14:55  Marine  
  170  14:56  Marauder, Marine  
  170  14:57  Medivac x2  
  170  14:58  Widow Mine x2  
  179  15:01  Marine  
  179  15:05  Marauder  
  182  15:15  Marine x2  
  182  15:16  Marauder, Marine  
  182  15:18  Marauder, SCV x2  
  182  15:19  Siege Tank x2, Marine  
  198  15:27  Marauder  
  185  15:33  Marine x3  
  185  15:34  Medivac x2  
  138  15:37  Marauder, Marine  
  138  15:39  Marauder  
  123  15:48  Marauder  
  118  15:51  Siege Tank, Marine  
  118  15:54  Marine x2  
  118  15:55  Marine  
  124  15:59  Marauder  
  124  16:00  Marauder  
  126  16:09  Marine  
  126  16:10  Marauder, Refinery  
  129  16:11  Refinery  
  129  16:12  Command Center, Marine x3  
  132  16:20  Marauder  
  132  16:21  Marine  
  132  16:25  Thor  
  141  16:26  Medivac  
  141  16:27  Marine  
  141  16:30  Marine x3  
  141  16:31  Marauder  
  151  16:40  Marauder  
  151  16:41  Marine  
  151  16:44  Marine  
  139  16:47  Marine  
  139  16:48  Marine  
  130  16:56  Marine x2  
  130  16:59  Marauder  
  126  17:08  Marine x3  
  126  17:09  Marauder  
  126  17:13  Siege Tank  
  126  17:14  Marauder, Marine  
  135  17:16  Ghost Academy  
  135  17:21  Marauder  
  137  17:26  Marine x2  
  131  17:51  Ghost x3  
  133  18:00  Siege Tank x2  
  139  18:07  Liberator  
  139  18:08  Marine  
  143  18:17  SCV x2  
  143  18:18  SCV  
  143  18:20  Ghost x2  
  143  18:21  Missile Turret  
  147  18:27  Planetary Fortress  
  147  18:32  Siege Tank, Missile Turret  
  150  18:37  SCV x3  
  133  19:03  Ghost x3  
  133  19:05  Siege Tank x2  
  145  19:13  Marine x2  
  147  19:19  Sensor Tower  
  147  19:29  Medivac  
  149  19:32  Ghost x3  
  149  19:33  SCV x2  
  149  19:38  Marine x2  
  157  19:40  Siege Tank  
  157  19:43  Orbital Command  
  149  19:53  Marine x2  
  149  19:56  Marine  
  149  19:59  Marine  
  153  20:00  Siege Tank, Ghost  
  153  20:01  Marauder x2  
  153  20:06  Supply Depot  
  162  20:09  SCV x2  
  162  20:11  Marine x2  
  162  20:13  SCV  
  162  20:14  SCV, Marine  
  168  20:17  Medivac, Marine  
  172  20:23  Marauder x2  
  176  20:29  Marine  
  176  20:30  Marauder  
  179  20:35  Refinery  
  179  20:38  Missile Turret  
  179  20:40  Marine  
  179  20:41  Missile Turret  
  179  20:44  Marauder  
  175  20:52  Marine x2  
  175  20:53  Siege Tank, Marauder x2  
  181  21:47  Orbital Command  
  178  22:02  Medivac, Marine x3  
  178  22:03  Marauder x2  
  178  22:04  Marine x2  
  173  22:19  Siege Tank  
  173  22:20  Siege Tank, Marine  
  173  22:22  Marauder, Marine x2  
  173  22:30  Marauder x2  
  168  22:42  Ghost  
  145  22:58  Ghost x2  
  136  22:59  Siege Tank  
  136  23:04  SCV  
  143  23:06  Refinery  
  143  23:08  Refinery  
Show
View Real Time Build Order
Export as new Build Order

Cursed Zerg - Winner!

Build Orders: Hatch First 

Get SALT Encoding   

  12  0:00  Drone  
  13  0:13  Overlord  
  13  0:19  Drone  
  14  0:31  Drone  
  14  0:32  Drone  
  16  0:52  Hatchery  
  16  0:55  Drone  
  16  0:59  Drone  
  16  1:01  Drone  
  18  1:13  Extractor  
  18  1:17  Spawning Pool  
  16  1:21  Drone  
  16  1:25  Drone  
  18  1:34  Drone  
  19  1:42  Drone  
  20  1:51  Overlord  
  20  2:04  Queen  
  20  2:05  Queen  
  20  2:06  Zergling x2  
  20  2:07  Zergling x2  
  26  2:14  Metabolic Boost  
  26  2:20  Drone  
  26  2:21  Drone  
  28  2:32  Drone x2  
  30  2:51  Overlord  
  30  2:54  Drone  
  30  2:55  Drone, Hatchery  
  31  3:06  Drone x3  
  31  3:07  Drone  
  35  3:18  Queen  
  35  3:19  Queen  
  39  3:23  Overlord  
  40  3:27  Drone  
  40  3:36  Drone x4  
  40  3:39  Overlord  
  44  3:44  Drone  
  45  3:52  Drone x2  
  47  4:04  Extractor, Lair  
  47  4:09  Extractor, Zergling x2  
  47  4:10  Zergling x14  
  53  4:20  Drone x3  
  53  4:21  Drone x3  
  53  4:23  Queen  
  61  4:24  Queen  
  63  4:36  Drone  
  64  4:42  Drone  
  64  4:43  Drone x2, Evolution Chamber x2  
  64  4:45  Baneling Nest  
  64  4:51  Drone x4  
  66  5:00  Roach Warren  
  66  5:06  Spore Crawler  
  64  5:07  Spore Crawler  
  64  5:08  Spore Crawler  
  64  5:10  Drone x4  
  64  5:12  Overlord  
  66  5:15  Zerg Missile Weapons Level 1  
  66  5:28  Overlord  
  66  5:31  Drone  
  66  5:32  Drone x7  
  74  5:48  Glial Reconstitution  
  74  5:50  Zerg Melee Weapons Level 1  
  74  5:51  Centrifugal Hooks  
  74  5:56  Drone, Extractor  
  75  5:57  Drone x3  
  75  5:58  Drone  
  75  5:59  Drone  
  78  6:08  Drone x2  
  78  6:09  Extractor, Drone x3  
  82  6:12  Extractor, Overlord x3  
  81  6:45  Roach  
  81  6:46  Roach x11  
  105  6:47  Overlord x3  
  105  7:01  Drone  
  105  7:03  Overlord x2  
  106  7:11  Hatchery  
  105  7:33  Zergling x20  
  105  7:34  Zergling x8  
  109  8:11  Roach  
  109  8:12  Roach x16  
  139  8:22  Drone  
  139  8:23  Drone  
  120  8:50  Zergling x24  
  132  9:03  Drone  
  132  9:04  Drone x4  
  132  9:05  Queen  
  132  9:09  Zergling x2  
  140  9:10  Zergling x8  
  140  9:13  Zerg Missile Weapons Level 2  
  140  9:14  Zerg Melee Weapons Level 2  
  144  9:19  Pneumatized Carapace  
  137  9:34  Roach x10  
  150  9:40  Overlord x2  
  150  9:57  Drone  
  150  9:58  Overlord x2  
  150  9:59  Overlord x2  
  152  10:00  Drone x11  
  152  10:02  Extractor  
  152  10:03  Extractor  
  160  10:15  Ravager x7  
  144  10:52  Spire  
  144  10:55  Zergling x2  
  144  10:56  Zergling x48  
  162  11:15  Drone x2  
  162  11:16  Drone x4  
  168  11:29  Drone x2  
  168  11:30  Drone, Infestation Pit, Hatchery  
  169  11:34  Hatchery  
  169  11:39  Zerg Ground Armor Level 1  
  164  11:51  Overlord  
  165  12:08  Mutalisk, Overlord  
  157  12:09  Mutalisk x7  
  157  12:10  Mutalisk x13  
  157  12:14  Zerg Flyer Weapons Level 1  
  157  12:15  Overlord, Hive  
  199  12:39  Overlord  
  192  13:08  Zergling x12  
  192  13:09  Zergling x2  
  189  13:32  Mutalisk x5  
  199  13:35  Adrenal Glands  
  199  13:40  Ultralisk Cavern  
  198  13:45  Spire  
  196  14:05  Zergling x10  
  196  14:06  Zergling x24  
  200  14:13  Baneling x21  
  200  14:14  Baneling x3  
  200  14:20  Hatchery  
  200  14:23  Overlord x2  
  199  14:32  Baneling x13  
  199  14:33  Baneling x12  
  173  14:55  Zergling x24  
  173  14:56  Zergling x40  
  199  15:01  Zerg Melee Weapons Level 3, Zerg Ground Armor Level 2  
  159  15:34  Zergling x4  
  159  15:35  Zergling x36  
  130  15:47  Chitinous Plating  
  121  15:51  Ultralisk x5  
  147  16:02  Extractor x2  
  137  16:14  Greater Spire  
  137  16:15  Hydralisk Den  
  137  16:16  Roach  
  137  16:17  Roach x12  
  162  16:19  Baneling x9  
  162  16:20  Baneling x3  
  162  16:21  Baneling x6  
  162  16:31  Queen  
  141  16:48  Zergling x30  
  142  17:14  Zergling x2  
  142  17:15  Zergling x30  
  150  17:20  Grooved Spines  
  123  17:46  Hydralisk x7  
  123  17:47  Hydralisk x5  
  142  18:13  Zerg Missile Weapons Level 3  
  142  18:14  Zerg Ground Armor Level 3  
  142  18:19  Drone x9  
  151  18:23  Baneling x8  
  151  18:24  Baneling x3  
  151  18:31  Drone  
  151  18:32  Drone x4  
  120  19:03  Zergling x26  
  120  19:04  Zergling x24  
  143  19:43  Drone x13  
  143  19:44  Drone x6  
  158  19:49  Extractor  
  158  19:50  Extractor  
  155  19:53  Baneling  
  155  19:54  Baneling x2  
  155  19:55  Baneling x29  
  155  19:56  Baneling x7  
  155  20:04  Zerg Flyer Weapons Level 2  
  155  20:05  Zerg Flyer Armor Level 1  
  155  20:13  Spore Crawler  
  154  20:18  Spine Crawler x2  
  154  20:20  Spine Crawler x2  
  150  20:23  Hatchery  
  131  20:50  Zergling x26  
  142  21:02  Corruptor  
  142  21:03  Corruptor x11  
  164  21:20  Zergling x14  
  164  21:21  Zergling x18  
  180  21:26  Baneling x5  
  180  21:42  Brood Lord x5  
  190  21:51  Brood Lord x2  
  188  22:05  Brood Lord  
  188  22:06  Brood Lord x3  
  189  22:10  Brood Lord  
  179  22:42  Hydralisk x2  
  179  22:43  Hydralisk x6  
  175  22:51  Zergling x8  
  175  22:52  Zergling x12  
  185  22:59  Queen, Overlord  
  187  23:07  Extractor  
  187  23:08  Extractor  
  185  23:18  Zergling x22  
  184  23:40  Hatchery  
Tags
 
Add a new tag
Caveats
  • Supply blocks, unpowered buildings, or Contaminate may cause inaccurate times.
  • Supply counts are checked every 10 seconds.